 Dungeon Crawl Stone Soup version 0.32-a0-932-g5467873 (webtiles) character file.

Game seed: 2171257550294444323

9628 NahIdwin the Fighter (level 11, -4/90 HPs)
             Began as a Djinni Alchemist on Apr 13, 2024.
             Was a Priest of Makhleb.
             Slain by a hellwing (6 damage)
             ... summoned by the player character
             ... in a Gauntlet.
             The game lasted 00:19:00 (7210 turns).

NahIdwin the Fighter (Djinni Alchemist)             Turns: 7210, Time: 00:19:01

Health: -4/90      AC:  2    Str:  7    XL:     11   Next: 77%
Gold:   430        EV: 11    Int: 20    God:    Makhleb [***...] SH:  5 Dex: 15

rFire   + + .        (no weapon)
rCold   x . .        (no shield)
rNeg    . . .        a - +0 robe
rPois   ∞            (no helmet)
rElec   .            (no cloak)
rCorr   .            (no gloves)
SInv    .            (boots unavailable)
Will    +....        b - amulet of reflection
Stlth   ++           (no ring)
HPRegen 0.35/turn    (no ring)

%: no teleportation, reflection, infuse magic (-5 HP)
@: flying
A: sickness immunity, fire resistance 2, cold vulnerability 1, float, innate
caster, HP casting, extra vitality 1
a: Renounce Religion, Minor Destruction, Lesser Servant of Makhleb


You were in a Gauntlet.
You worshipped Makhleb.
Makhleb was most pleased with you.
You visited 2 branches of the dungeon, and saw 11 of its levels.
You also visited: Sewer and Gauntlet.

You collected 430 gold pieces.

Inventory:

Armour
 a - a +0 robe (worn)
 u - the +5 ring mail of Fuovorhenoz {^Drain Int+3 Stlth+}
   (You found it on level 6 of the Dungeon)

   Int+3:     It affects your intelligence (+3).
   ^Drain:    It drains your maximum health when unequipped.
   Stlth+:    It makes you more stealthy.
Jewellery
 b - an amulet of reflection (around neck)
 q - an amulet of faith
Talismans
 d - a beast talisman
Wands
 j - a wand of quicksilver (17)
 s - a wand of polymorph (6)
 A - a wand of paralysis (3)
Scrolls
 c - 4 scrolls of teleportation
 f - a scroll of vulnerability
 g - 5 scrolls of enchant weapon {unknown}
 h - a scroll of brand weapon {unknown}
 m - a scroll of revelation {unknown}
 n - a scroll of enchant armour {unknown}
 o - 2 scrolls of amnesia {unknown}
 t - a scroll of poison {unknown}
 v - a scroll of summoning {unknown}
 w - 3 scrolls of fear
 y - a scroll of identify
 z - a scroll of noise {unknown}
Potions
 e - a potion of curing {unknown}
 i - a potion of heal wounds {unknown}
 k - 3 potions of attraction
 l - 5 potions of enlightenment
 p - a potion of mutation {unknown}
 r - a potion of degeneration {unknown}
 x - a potion of might {unknown}


   Skills:
 - Level 12.4 Fighting
 - Level 2.1 Dodging
 - Level 1.5 Stealth
 + Level 10.2 Spellcasting
 + Level 10.2 Conjurations
 + Level 10.2 Hexes
   Level 0.0 Charms
 + Level 10.2 Summonings
 + Level 10.2 Necromancy
 + Level 10.2 Translocations
   Level 0.0 Transmutations
 + Level 10.2 Fire Magic
 + Level 10.2 Ice Magic
 + Level 10.2 Air Magic
 + Level 10.2 Earth Magic
 + Level 10.2 Alchemy
 + Level 2.7 Invocations


You knew the following spells:

 Your Spells              Type           Power      Damage    Failure   Level
a - Sting                 Conj/Alch      100%       1d9       1%          1
b - Mercury Vapours       Alch/Air       100%       N/A       1%          2
c - Mephitic Cloud        Conj/Alch/Air  50%        N/A       1%          3
d - Olgreb's Toxic Radia  Alch           50%        N/A       1%          4
e - Sticky Flame          Fire/Alch      50%        2d9       1%          4
f - Summon Small Mammal   Summ           100%       N/A       1%          1
g - Blink                 Tloc           100%       N/A       1%          2
h - Maxwell's Portable P  Tloc           50%        2d(10-28) 1%          3
i - Dimensional Bullseye  Hex/Tloc       25%        N/A       1%          4
j - Summon Mana Viper     Hex/Summ       50%        N/A       2%          5
Your spell library was empty.

Dungeon Overview and Level Annotations

Branches:
Dungeon (9/15)             Temple (0/1) D:4            Lair (2/5) D:9
  Sewer (visited)         Gauntlet (1/1)
  Swamp: Lair:2-3    Shoals: Lair:2-3     Snake: Lair:2-3    Spider: Lair:2-3
    Orc: D:9-12

Altars:
Dithmenos
Makhleb
Xom
The Shining One

Annotations:
Gauntlet 9 transporters


Innate Abilities, Weirdness & Mutations

You are immune to sickness and miasma.
You are immune to poison.
Your flesh is very heat resistant. (rF++)
You are vulnerable to cold. (rC-)
You float through the air rather than walking.
You learn spells naturally, not from books.
Your magical power is your life essence.
You have superior vitality. (+4 MHP)


Message History

The ice devil burns!
The hellwing hits you! The hellwing barely misses you.
The white imp barely misses you. The ice devil barely misses you.
Unknown command.
Casting: Sticky Flame (mildly dangerous; 1% risk of failure)
Confirm with . or Enter, or press ? or * to list all spells.
Aiming: Sticky Flame (mildly dangerous; 1% risk of failure)
Press: ? - help, Shift-Dir - straight line, f/p - ice devil
Aim: an ice devil (severely wounded, covered in liquid flames)
The sticky flame hits the ice devil!
The ice devil is burned terribly!
The ice devil is almost dead.
* * * LOW HITPOINT WARNING * * *
The ice devil burns!
You kill the ice devil!
Makhleb accepts your kill. You block the hellwing's attack.
The hellwing hits you.
* * * LOW HITPOINT WARNING * * *
The white imp completely misses you. The white imp gestures at you.
The puff of frost hits you!
You feel a terrible chill!
* * * LOW HITPOINT WARNING * * *
Unknown command.
The hellwing attacks as it pursues you! The hellwing hits you!
* * * LOW HITPOINT WARNING * * *
The hellwing barely misses you.
Unknown command.
Unknown command.
You see here a lumpy brown potion.
Unknown command.
Unknown command.
The hellwing misses you.
The hellwing hits you but does no damage.
The white imp laughs crazily.
Unknown command.
Unknown command.
Okay, then.
Unknown command.
Okay, then.
Okay, then.
You block the hellwing's attack. The hellwing hits you.
You die...

.................................
#################################
......#ß©ß##.#.#.##ß©ß#...#t..#ß©
y##..##...#.#.#.#.#...#.#.#.#.#..
##†.###...##.#.#.##...#.#.#.#?#..
#.©##©#©.©#.#.#5#©#©.©#.##©##©#©.
..##..######.#5#.######.#.#.#.###
.##...#...#.#5#4#!#...#.#. .#[#..
......#.ß.##.#.#@##.ß.#..
#######...#########...###
.........................
#≈≈≈#≈≈≈#≈≈≈#≈≈≈#≈≈≈#≈≈≈#
##≈###≈###≈###≈###≈###≈## ### ##
### ### ## ##


You could see a hellwing (summoned) and 3 white imps.

Vanquished Creatures
  Pikel (D:5)
  A worldbinder (Gauntlet)
  An ice devil (Gauntlet)
  2 polar bears (D:8)
  3 hornets (Gauntlet)
  An unseen horror simulacrum (D:8)
  3 wyverns
  8 yaks (D:8)
  2 steam dragons
  6 water moccasins
  6 ice beasts
  2 orc warriors
  3 black bears
  2 ogres
  A centaur (D:4)
  2 crocodiles (Sewer)
  4 wolves
  2 kobold brigands
  2 bullfrogs
  3 scorpions
  11 wights
  An electric eel (D:8)
  A bombardier beetle (D:6)
  3 hounds
  7 orc priests
  2 sleepcaps
  4 iguanas
  A malarious merfolk avatar (Sewer)
  An orc wizard (D:9)
  A sickly merfolk siren (Sewer)
  2 centaur simulacra (D:8)
  A gnoll (D:8)
  A river rat (Sewer)
  6 adders
  2 shadow imps (D:6)
  7 white imps
  2 ufetubi (D:8)
  9 orcs
  6 endoplasms
  3 giant cockroaches
  5 goblins
  3 quokkas
  8 ball pythons
  A bat (D:3)
  5 frilled lizards
  15 kobolds
  27 rats
  2 butterflies (D:4)
192 creatures vanquished.

Vanquished Creatures (collateral kills)
  2 death yaks (D:8)
  An ice beast (D:8)
  A boggart (Gauntlet)
  A bullfrog (Lair:1)
  A river rat (D:3)
  A rat (D:3)
7 creatures vanquished.

Grand Total: 199 creatures vanquished

Notes
Turn   | Place    | Note
-------+----------+-------------------------------------------
     0 | D:1      | NahIdwin the Djinni Alchemist began the quest for the Orb.
     0 | D:1      | NahIdwin set off with the following spells memorised:
                  | Sting, Mercury Vapours, Mephitic Cloud, Olgreb's Toxic
                  | Radiance, Sticky Flame.
     0 | D:1      | Reached XP level 1. HP: 15/15 MP: 0/0
   122 | D:1      | Reached XP level 2. HP: 13/22 MP: 0/0
   177 | D:1      | Reached skill level 1 in Fighting
   542 | D:3      | Found a burning altar of Makhleb.
   551 | D:3      | Became a worshipper of Makhleb the Destroyer
   641 | D:3      | Reached XP level 3. HP: 22/28 MP: 0/0
   641 | D:3      | Learned a level 1 spell: Summon Small Mammal
   764 | D:3      | Reached skill level 2 in Fighting
   773 | D:3      | Reached XP level 4. HP: 17/34 MP: 0/0
   784 | D:3      | Found a glowing drain.
   793 | Sewer    | Entered a sewer
   884 | Sewer    | Noticed a crocodile
   935 | Sewer    | Killed a crocodile
   936 | Sewer    | Reached skill level 3 in Fighting
   936 | Sewer    | Reached XP level 5. HP: 22/40 MP: 0/0
   936 | Sewer    | Learned a level 2 spell: Blink
  1084 | Sewer    | Reached * piety under Makhleb
  1146 | Sewer    | Reached XP level 6. HP: 40/46 MP: 0/0
  1252 | Sewer    | Noticed a crocodile
  1265 | Sewer    | Killed a crocodile
  1266 | Sewer    | Reached skill level 4 in Fighting
  1526 | D:4      | Found a staircase to the Ecumenical Temple.
  1532 | D:4      | Noticed an ogre
  1556 | D:4      | Killed an ogre
  1556 | D:4      | Reached ** piety under Makhleb
  1557 | D:4      | Reached XP level 7. HP: 45/53 MP: 0/0
  1557 | D:4      | Learned a level 3 spell: Maxwell's Portable Piledriver
  1565 | D:4      | Reached skill level 5 in Fighting
  1565 | D:4      | Reached skill level 5 in Spellcasting
  1565 | D:4      | Reached skill level 5 in Conjurations
  1565 | D:4      | Reached skill level 5 in Hexes
  1565 | D:4      | Reached skill level 5 in Summonings
  1565 | D:4      | Reached skill level 5 in Necromancy
  1565 | D:4      | Reached skill level 5 in Translocations
  1565 | D:4      | Reached skill level 5 in Fire Magic
  1565 | D:4      | Reached skill level 5 in Ice Magic
  1565 | D:4      | Reached skill level 5 in Air Magic
  1565 | D:4      | Reached skill level 5 in Earth Magic
  1565 | D:4      | Reached skill level 5 in Alchemy
  2162 | D:5      | Entered Level 5 of the Dungeon
  2206 | D:5      | Noticed Pikel
  2216 | D:5      | Killed Pikel
  2217 | D:5      | Reached skill level 6 in Fighting
  2217 | D:5      | Reached XP level 8. HP: 20/62 MP: 0/0
  2692 | D:6      | Reached skill level 7 in Fighting
  2746 | D:6      | Identified the +5 ring mail of Fuovorhenoz {^Drain Int+3
                  | Stlth+}
  2819 | D:6      | Noticed a wyvern
  2832 | D:6      | Reached XP level 9. HP: 29/68 MP: 0/0
  2832 | D:6      | Learned a level 4 spell: Dimensional Bullseye
  3045 | D:7      | Found a shimmering altar of Xom.
  3201 | D:7      | Reached skill level 8 in Fighting
  3749 | D:7      | Reached *** piety under Makhleb
  3810 | D:7      | Reached skill level 9 in Fighting
  4188 | D:7      | Reached XP level 10. HP: 45/78 MP: 0/0
  4470 | D:7      | Reached skill level 10 in Fighting
  5168 | D:8      | Reached skill level 11 in Fighting
  5581 | D:8      | Found a glowing golden altar of the Shining One.
  5663 | D:8      | Reached **** piety under Makhleb
  5829 | D:8      | Found a shadowy altar of Dithmenos.
  5848 | D:8      | Noticed a death yak
  5848 | D:8      | Noticed a death yak
  5905 | D:8      | HP: 3/83 [centaur simulacrum (13)]
  6053 | D:7      | Reached XP level 11. HP: 52/87 MP: 0/0
  6053 | D:7      | Learned a level 5 spell: Summon Mana Viper
  6183 | D:8      | Killed a death yak
  6189 | D:8      | Killed a death yak
  6458 | D:9      | Reached skill level 12 in Fighting
  6606 | D:9      | Found a staircase to the Lair.
  6735 | Lair:1   | Entered Level 1 of the Lair of Beasts
  6878 | Lair:2   | Found a gate leading to a gauntlet.
  6887 | Gauntlet | Entered a Gauntlet
  6887 | Gauntlet | Found a transporter.
  6889 | Gauntlet | Noticed a worldbinder
  6894 | Gauntlet | Found a transporter.
  6897 | Gauntlet | Found a transporter.
  6898 | Gauntlet | Found a transporter.
  6909 | Gauntlet | Found a transporter.
  6910 | Gauntlet | Found a transporter.
  6914 | Gauntlet | Found a transporter.
  6919 | Gauntlet | Found a transporter.
  6921 | Gauntlet | Found a transporter.
  6922 | Gauntlet | Found a transporter.
  6930 | Gauntlet | Found a transporter.
  6930 | Gauntlet | Noticed a ghost crab
  6933 | Gauntlet | Found a transporter.
  6934 | Gauntlet | Found a transporter.
  6937 | Gauntlet | Noticed a death yak
  6938 | Gauntlet | Noticed a necromancer
  6939 | Gauntlet | Noticed a death yak
  6939 | Gauntlet | Noticed a death yak
  6940 | Gauntlet | Noticed a death yak
  6940 | Gauntlet | Noticed a death yak
  6942 | Gauntlet | Found a transporter.
  7023 | Gauntlet | Reached skill level 10 in Spellcasting
  7023 | Gauntlet | Reached skill level 10 in Conjurations
  7023 | Gauntlet | Reached skill level 10 in Hexes
  7023 | Gauntlet | Reached skill level 10 in Summonings
  7023 | Gauntlet | Reached skill level 10 in Necromancy
  7023 | Gauntlet | Reached skill level 10 in Translocations
  7023 | Gauntlet | Reached skill level 10 in Fire Magic
  7023 | Gauntlet | Reached skill level 10 in Ice Magic
  7023 | Gauntlet | Reached skill level 10 in Air Magic
  7023 | Gauntlet | Reached skill level 10 in Earth Magic
  7023 | Gauntlet | Reached skill level 10 in Alchemy
  7028 | Gauntlet | Noticed an orb spider
  7036 | Gauntlet | Noticed a wolf spider
  7038 | Gauntlet | Noticed an orb spider
  7039 | Gauntlet | Killed a worldbinder
  7040 | Gauntlet | Reached skill level 1 in Invocations
  7207 | Gauntlet | HP: 1/90 [hellwing[the player character] (12)]
  7210 | Gauntlet | Slain by a hellwing

Illustrated notes

Levels and vault maps discovered:
D:1:      lemuel_arrival_river_passageway, layout_loops_ring,
          shapermc_ecumenical_altar_acropolis
D:2:      layout_loops_ring, serial_shops, shop_coins
D:3:      layout_basic, mainiacjoe_overflow_small_starburst,
          portal_sewer_entry_b
D:4:      layout_loops_ring, minmay_temple_entry_butterflies
D:5:      layout_rooms, mainiacjoe_overflow_alcove_2, general_overflow_altar,
          fedhas_ov_isle_minmay, uniq_pikel, uniq_edmund, uniq_menkaure
D:6:      layout_rooms, nicolae_uskayaw_dance_hall,
          mainiacjoe_overflow_cross_hatched, serial_shops, shop
D:7:      layout_loops_corners, amcnicky_altar_gilded
D:8:      layout_loops_cross, nicolae_dithmenos_through_a_glass_darkly,
          mainiacjoe_overflow_24_doors, serial_ice, serial_ice_i, serial_ice_g,
          serial_ice_f, serial_ice_h, serial_ice_b, roderic_roman_lattice,
          grunt_ministairs_8, kennysheep_small_spiral
D:9:      layout_loops_cross, minmay_lair_entry_grove, david_orc_4, uniq_erolcha
Lair:1:   layout_cave_pods, minivault_19, st_stairs_4
Lair:2:   layout_cave_pods, gauntlet_entry_generic
Gauntlet: gammafunk_gauntlet_77_escape_option
          [minmay_gauntlet_arena_77_squiggly,
          minmay_gauntlet_arena_77_two_lines,
          minmay_gauntlet_arena_77_checkered,
          minmay_gauntlet_arena_77_two_paths,
          minmay_gauntlet_arena_77_terracotta_army, gauntlet_exit_hidden_loot]

Skill      XL: |  1  2  3  4  5  6  7  8  9 10 11 |
---------------+----------------------------------+-----
Fighting       | 1 2 3 4 6 7 9 11 12 | 12.4
Spellcasting   | 4 5 6 7 9 10 | 10.2
Conjurations   | 4 5 6 7 9 10 | 10.2
Hexes          | 4 5 6 7 9 10 | 10.2
Summonings     | 4 5 6 7 9 10 | 10.2
Necromancy     | 4 5 6 7 9 10 | 10.2
Translocations | 4 5 6 7 9 10 | 10.2
Fire Magic     | 4 5 6 7 9 10 | 10.2
Ice Magic      | 4 5 6 7 9 10 | 10.2
Air Magic      | 4 5 6 7 9 10 | 10.2
Earth Magic    | 4 5 6 7 9 10 | 10.2
Alchemy        | 4 5 6 7 9 10 | 10.2
Invocations    | 2 |  2.7
Dodging        | |  2.1
Stealth        | |  1.5

Action                     |  1- 3 |  4- 6 |  7- 9 | 10-12 || total
---------------------------+-------+-------+-------+-------++-------
  Melee: Unarmed           |       |       |     2 |     4 ||     6
   Cast: Sting             |    59 |    48 |    42 |    17 ||   166
         Summon Small Mamm |     2 |       |     1 |       ||     3
         Olgreb's Toxic Ra |       |     9 |    13 |    27 ||    49
         Mephitic Cloud    |       |     5 |     9 |    10 ||    24
         Sticky Flame      |       |       |    40 |    59 ||    99
         Summon Mana Viper |       |       |       |     2 ||     2
 Invoke: Lesser Servant of |       |       |       |     5 ||     5
    Use: Scroll            |       |     2 |       |     2 ||     4
 Armour: Robe              |    13 |     8 |    28 |    52 ||   101
  Dodge: Dodged            |     8 |     2 |    15 |    44 ||    69
  Block: Other             |     6 |     3 |     5 |    16 ||    30
         Reflection        |       |       |       |     2 ||     2

Table legend: (Time is in decaauts)
 A = Elapsed time spent in this place.
 B = Non-inter-level travel time spent in this place.
 C = Inter-level travel time spent in this place.
 D = Time resting spent in this place.
 E = Time spent auto-exploring this place.
 F = Levels seen in this place.
 G = Mean time per level.
                   A        B        C        D        E       F      G
               +--------+--------+--------+--------+--------+-----+--------+
         Total |   7210 |   6706 |    504 |     48 |   5148 |  13 |  554.6 |
       Dungeon |   6102 |   5608 |    494 |     48 |   4397 |   9 |  678.0 |
          Lair |    151 |    141 |     10 |      0 |    121 |   2 |   75.5 |
         Sewer |    633 |    633 |      0 |      0 |    493 |   1 |  633.0 |
      Gauntlet |    322 |    322 |      0 |      0 |    137 |   1 |  322.0 |
               +--------+--------+--------+--------+--------+-----+--------+

Top non-repeatable levels by time:
     D:8: 1723 daAuts
     D:7: 1570 daAuts
     D:4: 814 daAuts
   Sewer: 633 daAuts
     D:3: 571 daAuts
     D:6: 494 daAuts
     D:5: 348 daAuts
     D:9: 325 daAuts
Gauntlet: 322 daAuts
     D:1: 220 daAuts
  Lair:1: 142 daAuts
     D:2: 33 daAuts
  Lair:2: 8 daAuts
